 Dungeon Crawl Stone Soup version 0.31-a0-188-g5e087ee2ca (webtiles) character file.

Game seed: 8038840782230777338

26 qw the Shooter (level 2, -1/16 HPs)
             Began as a Deep Elf Hunter on June 23, 2023.
             Slain by an adder (3 damage)
             ... on level 2 of the Dungeon.
             The game lasted 00:00:23 (840 turns).

qw the Shooter (Deep Elf Hunter)                     Turns: 840, Time: 00:00:24

Health: -1/16      AC:  5    Str:  8    XL:     2   Next: 89%
Magic:  4/4        EV: 12    Int: 13    God:
Gold:   65         SH:  0    Dex: 18    Spells: 1/1 levels left

rFire   . . .        Y - +0 shortbow
rCold   . . .        (shield currently unavailable)
rNeg    . . .        c - +0 leather armour
rPois   .            (no helmet)
rElec   .            (no cloak)
rCorr   .            k - +1 pair of gloves
SInv    .            (no boots)
Will    .....        (no amulet)
Stlth   ++           (no ring)
HPRegen 0.22/turn    (no ring)
MPRegen 0.09/turn

%: no passive effects
@: no status effects
A: no striking features
a: no special abilities


You were on level 2 of the Dungeon.
You visited 1 branch of the dungeon, and saw 2 of its levels.

You collected 65 gold pieces.


   Skills:
 - Level 1.5 Fighting
 + Level 6.6 Ranged Weapons
 - Level 2.4 Dodging
 - Level 1.2 Stealth


You had one spell level left.
You didn't know any spells.
Your spell library was empty.

Inventory:

Hand Weapons
 Y - a +0 shortbow (weapon)
Armour
 c - a +0 leather armour (worn)
 k - a +1 pair of gloves (worn)
Potions
 a - a potion of enlightenment {unknown}
 e - a potion of attraction {unknown}
 g - a potion of ambrosia {unknown}
 h - a potion of heal wounds {unknown}
 i - a potion of curing {unknown}
 j - a potion of mutation {unknown}

Dungeon Overview and Level Annotations

Branches:
Dungeon (2/15)

Altars:

Shops:
D:1 ([


Message History

A bat comes into view.
You shoot an arrow. The arrow hits the bat.
You kill the bat!
a - a cyan potion You open the door.
There is an open door here.
A hobgoblin comes into view.
You shoot an arrow. The arrow hits the hobgoblin.
The hobgoblin is moderately wounded.
You shoot an arrow. The arrow hits the hobgoblin.
You kill the hobgoblin!
Found a stone staircase leading up.
An adder comes into view.
You shoot an arrow.
The arrow hits the adder but does no damage.
You shoot an arrow. The arrow barely misses the adder.
The adder barely misses you.
You shoot an arrow. The arrow barely misses the adder.
The adder completely misses you.
You shoot an arrow. The arrow misses the adder.
The adder closely misses you. The adder bites you.
You are poisoned.
The adder poisons you!
You shoot an arrow. The arrow hits the adder.
The adder is moderately wounded.
You feel sick. The adder bites you.
You shoot an arrow. The arrow hits the adder.
The adder is severely wounded.
You feel sick. The adder misses you. The adder closely misses you.
You shoot an arrow. The arrow misses the adder.
You feel sick. The adder bites you but does no damage.
You shoot an arrow. The arrow closely misses the adder.
You feel sick. The adder misses you. The adder bites you.
You shoot an arrow. The arrow closely misses the adder.
You feel sick.
You are no longer poisoned.
The adder bites you.
You shoot an arrow. The arrow misses the adder.
The adder bites you.
You die...

#. #)....# ####.##..##.#
. .>.....<....# ..
#.##.#.#.#..#### ...
#........#...... ....
#..#.#....)..### .....
#..#.#.......#
......###%.#.#.....#.###
#S@...#............
##.##.######.....###
#<...............#
#.###.##.#.#.#.#.# ..
#....#.#....... ...
#......#.....### ...
#.###.......## ....
#...'.......#
#.###.......#


You could see an adder.

Vanquished Creatures
  2 bats
  3 endoplasms (D:1)
  A goblin (D:1)
  5 hobgoblins
  4 jackals (D:1)
  3 kobolds
  A ball python (D:1)
  A frilled lizard (D:1)
  2 rats (D:1)
22 creatures vanquished.

Notes
Turn   | Place    | Note
-------+----------+-------------------------------------------
     0 | D:1      | qw the Deep Elf Hunter began the quest for the Orb.
     0 | D:1      | Reached XP level 1. HP: 12/12 MP: 3/3
     0 | D:1      | 0 ||| qw: Version: 0.3-a-9-g12657ce
     0 | D:1      | 0 ||| qw: Game counter: 3844
     0 | D:1      | 0 ||| qw: Always use a shield: true
     0 | D:1      | 0 ||| qw: God list: Okawaru
     0 | D:1      | 0 ||| qw: Allow faded altars: false
     0 | D:1      | 0 ||| qw: Do Orc after D:15 true
     0 | D:1      | 0 ||| qw: Do second Lair branch before Depths: true
     0 | D:1      | 0 ||| qw: Lair rune preference: random
     0 | D:1      | 0 ||| qw: Plans: Normal
     0 | D:1      | 0 ||| PLANNING D:1-11
    45 | D:1      | Reached XP level 2. HP: 16/16 MP: 4/4
    50 | D:1      | Reached skill level 6 in Ranged Weapons
    78 | D:1      | Found Simn's Armour Shop.
    83 | D:1      | 83 ||| SHOPLISTING +0 cloak (58 gold, have 0).
    83 | D:1      | 83 ||| SHOPLISTING +0 helmet (58 gold, have 0).
    83 | D:1      | 83 ||| SHOPLISTING +0 pair of gloves (58 gold, have 0).
    83 | D:1      | 83 ||| SHOPLISTING +0 ring mail (52 gold, have 0).
   106 | D:1      | Found Hoty's Antique Weapon Shoppe.
   115 | D:1      | 115 ||| SHOPLISTING runed shortbow (126 gold, have 0).
   650 | D:1      | 650 ||| UPGRADING to +1 pair of gloves.
   655 | D:1      | 655 ||| READING scroll labelled SUYLISE EFAPEMM.
   656 | D:1      | 656 ||| READING scroll labelled FONOQ KOPLECS.
   657 | D:1      | 657 ||| DROPPING scroll of butterflies.
   659 | D:1      | 659 ||| Stepping ~*~*~tactically~*~*~ (cloud).
   661 | D:1      | HP: 4/16 [poisoned by you (poison gas)]
   664 | D:1      | HP: 1/16 [poisoned by you (poison gas)]
   838 | D:2      | HP: 4/16 [adder (3)]
   839 | D:2      | HP: 1/16 [adder (2)]
   840 | D:2      | Slain by an adder

Levels and vault maps discovered:
D:1:      amcnicky_arrival_underground_garden, layout_loops_ring, serial_shops,
          nicolae_shop_rolling_square, shop
D:2:      layout_basic

Skill      XL: |  1  2 |
---------------+-------+-----
Ranged Weapons | 6 |  6.6
Fighting       | |  1.5
Dodging        | |  2.4
Stealth        | |  1.2

Action                     || total
---------------------------++-------
   Fire: Shortbow          ||    61
    Use: Scroll            ||     2
 Armour: Leather armour    ||     5
  Dodge: Dodged            ||    18

Table legend:
 A = Non-vault XP
 B = Vault XP
 C = Vault XP percentage of total XP
 D = Non-vault monster count
 E = Vault monster count
 F = Vault count percentage of total count
                 A         B        C        D         E       F
            +---------+---------+-------+---------+---------+-------
      Total |      38 |       0 |   0.0 |      22 |       0 |   0.0
            +---------+---------+-------+---------+---------+-------
        D:1 |      32 |       0 |   0.0 |      18 |       0 |   0.0
        D:2 |       6 |       0 |   0.0 |       4 |       0 |   0.0
            +---------+---------+-------+---------+---------+-------
